 Dungeon Crawl Stone Soup version 0.30-a0-1116-gebefce21f7 (webtiles) character file.

Game seed: 17514517571336578537

608 themarg the Caller (level 7, -2/45 (46) HPs)
             Began as a Merfolk Summoner on Apr 22, 2023.
             Was an Initiate of Ru.
             Slain by a sky beast (5 damage)
             ... on level 7 of the Dungeon.
             The game lasted 00:15:34 (5316 turns).

themarg the Caller (Merfolk Summoner)               Turns: 5316, Time: 00:15:34

HP:   -2/45 (46)    AC:  4    Str:  8    XL:     7   Next: 43%
MP:   8/10          EV: 15    Int: 17    God:    Ru [......]
Gold: 134           SH:  0    Dex: 14    Spells: 4/10 levels left

rFire   . . .      SeeInvis .    e - +0 dagger
rCold   + . .      Faith    .    (no shield)
rNeg    . . .      Spirit   .    u - +2 robe {rC+}
rPois   .          Reflect  .    (no helmet)
rElec   .          Rampage  .    (no cloak)
rCorr   .                        (no gloves)
Will    .....                    (boots currently unavailable)
Stlth   +++                      n - amulet of the acrobat
HPRegen 0.27/turn                (no ring)
MPRegen 0.12/turn                (no ring)

@: lightly drained, very quick
A: nimble swimmer 2, mertail
a: Renounce Religion


You were on level 7 of the Dungeon.
You worshipped Ru.
Ru was noncommittal.
You visited 2 branches of the dungeon, and saw 7 of its levels.

You collected 134 gold pieces.

Inventory:

Hand Weapons
 e - a +0 dagger (weapon)
Missiles
 f - 27 stones
 r - 3 boomerangs
Armour
 u - a +2 robe of cold resistance (worn)
Jewellery
 n - an amulet of the acrobat (around neck)
Scrolls
 h - a scroll of enchant armour
 i - a scroll of torment {unknown}
 k - 3 scrolls of immolation
 l - a scroll of fog {unknown}
 m - a scroll of summoning
 o - a scroll of noise {unknown}
 p - a scroll of amnesia {unknown}
Potions
 b - 4 potions of magic
 c - 2 potions of curing
 d - a potion of mutation {unknown}
 g - 2 potions of lignification
 j - a potion of might {unknown}
 q - a potion of attraction {unknown}
 s - a potion of experience {unknown}
 t - a potion of flight {unknown}


   Skills:
 - Level 2.6 Dodging
 - Level 3.0 Stealth
 - Level 2.0 Spellcasting
 + Level 7.8 Summonings
 + Level 2.7 Air Magic


You had 4 spell levels left.
You knew the following spells:

 Your Spells              Type           Power      Damage    Failure   Level
a - Summon Small Mammal   Summ           100%       N/A       1%          1
b - Call Imp              Summ           56%        N/A       1%          2
c - Call Canine Familiar  Summ           28%        N/A       2%          3

Your spell library contained the following spells:

 Spells                   Type           Power      Damage    Failure   Level
 Summon Guardian Golem    Hex/Summ       15%        N/A       12%         3
 Summon Lightning Spire   Summ/Air       19%        N/A       22%         4
 Volatile Blastmotes      Fire/Tloc      2%         2d10      50%         3
 Fulminant Prism          Conj/Hex       0%         3d5       88%         4
 Iskenderun's Mystic Bla  Conj/Tloc      1%         2d3       88%         4
 Lee's Rapid Deconstruct  Erth           0%         3d4*      99%         5


Dungeon Overview and Level Annotations

Branches:
Dungeon (7/15)             Temple (1/1) D:7

Altars:
Ashenzari
Cheibriados
Dithmenos
Elyvilon
Kikubaaqudgha
Makhleb
Nemelex Xobeh
Okawaru
Qazlal
Ru
Trog
Uskayaw
Wu Jian
Xom
The Shining One

Annotations:
D:3 1 runed translucent door, Crazy Yiuf
D:4 Duvessa, Edmund


Innate Abilities, Weirdness & Mutations

You are very nimble when in or above water. (Stealth+, EV+, Speed+++)
Your lower body shifts to a powerful aquatic tail in water.


Message History

Your cerulean imp hits the orc with a -1 spear.
You hit the sky beast but do no damage.
The sky beast is lightly wounded.
The sky beast closely misses you. The orc misses your cerulean imp.
Your cerulean imp hits the orc with a -1 spear.
The orc dies!
You feel better. The sky beast closely misses you.
Your cerulean imp hits the sky beast but does no damage.
What are your orders? t - Shout!
Orders for allies: a - Attack new target. r - Retreat! s - Stop attacking. g - Guard the area. f - Follow me.
Anything else - Cancel.
Gang up on whom?
Press: ? - help, Dir - move target, f - sky beast
Aim: a sky beast (water, lightly wounded, ally target) Attack!
The sky beast barely misses you.
The orc hits your cerulean imp with a +1 hand axe of flaming!
The orc burns your cerulean imp.
Your cerulean imp dies!
Your cerulean imp disappears in a puff of smoke!
You closely miss the sky beast. You tail-slap the sky beast.
The sky beast is lightly wounded.
The sky beast hits you but does no damage.
You barely miss the sky beast.
The sky beast is lightly wounded.
The sky beast hits you.
* * * LOW HITPOINT WARNING * * *
The sky beast shocks you.
* * * LOW HITPOINT WARNING * * *
A tiny devil pulls itself out of the air.
The sky beast barely misses you.
You hit the sky beast but do no damage.
Your tail-slap misses the sky beast.
The sky beast is lightly wounded.
Your cerulean imp barely misses the sky beast.
The sky beast hits you.
* * * LOW HITPOINT WARNING * * *
The sky beast shocks you.
You die...

#.......##
#.........##
.......#..#######
#.................
#......≈≈≈≈≈......#
#..[.≈≈≈≈≈≈≈≈≈....##
#..≈≈≈≈≈≈≈≈≈≈≈≈≈....
#.≈5≈≈≈≈≈≈≈≈≈≈≈≈≈.#
#.≈@Y≈≈≈z..≈≈≈≈≈≈.#
#.≈≈≈≈≈≈z>.≈≈≈≈≈≈.#
#o≈≈≈≈≈≈z..~≈≈≈≈≈.#
#.)≈≈≈≈≈≈≈≈~~≈≈≈..##
#.?zo≈≈≈≈≈≈≈≈~.....#
#..z...≈≈≈≈≈........
#.......†.).......#.
#.......#.#).###..#
#.......#.........#


You could see a sky beast (ally target), 5 wights, 2 orcs and a friendly
cerulean imp (summoned).

Vanquished Creatures
  A centaur (D:7)
  A jelly (D:4)
  An orc (D:4)
  A jackal (D:2)
  A ball python (D:2)
  A bat (D:1)
  A rat (D:3)
7 creatures vanquished.

Vanquished Creatures (collateral kills)
  An ice beast (D:5)
  2 scorpions
  Dowan (D:4)
  3 howler monkeys
  3 adders
  4 dart slugs
  4 orcs
  9 endoplasms
  2 giant cockroaches
  7 goblins
  5 hobgoblins
  13 jackals
  6 kobolds
  4 quokkas
  6 ball pythons
  5 bats
  A frilled lizard (D:1)
  2 rats (D:3)
78 creatures vanquished.

Grand Total: 85 creatures vanquished

Notes
Turn   | Place    | Note
-------+----------+-------------------------------------------
     0 | D:1      | themarg the Merfolk Summoner began the quest for the Orb.
     0 | D:1      | Reached XP level 1. HP: 13/13 MP: 3/3
   149 | D:1      | Reached XP level 2. HP: 19/19 MP: 1/5
   152 | D:1      | Learned a level 2 spell: Call Imp
   805 | D:1      | Reached XP level 3. HP: 24/24 MP: 1/6
   809 | D:1      | Learned a level 3 spell: Call Canine Familiar
  1475 | D:2      | Found a faded altar of an unknown god.
  1524 | D:2      | Reached skill level 5 in Summonings
  1988 | D:2      | Reached XP level 4. HP: 29/30 MP: 1/7
  2185 | D:2      | Found a shimmering altar of Xom.
  2732 | D:3      | Found a stormy altar of Qazlal.
  2875 | D:3      | Found a shadowy altar of Dithmenos.
  3051 | D:3      | Found a sparkling altar of Nemelex Xobeh.
  3125 | D:3      | Identified the +1 robe "Guxtol" {rF- Int+4}
  3205 | D:3      | Found a runed translucent door.
  3206 | D:3      | Noticed Crazy Yiuf
  3384 | D:3      | Reached XP level 5. HP: 35/35 MP: 4/8
  3632 | D:4      | Reached skill level 6 in Summonings
  3635 | D:4      | Noticed Edmund
  3832 | D:4      | Noticed Dowan
  3839 | D:4      | Noticed Duvessa
  3849 | D:4      | Found a glowing golden altar of the Shining One.
  3896 | D:4      | Killed Dowan
  4028 | D:4      | Reached XP level 6. HP: 25/41 MP: 5/9
  4592 | D:4      | Found a white marble altar of Elyvilon.
  4879 | D:4      | Reached skill level 7 in Summonings
  4969 | D:5      | Entered Level 5 of the Dungeon
  4978 | D:5      | Reached skill level 1 in Air Magic
  5018 | D:5      | Noticed an ice beast
  5034 | D:5      | Killed an ice beast
  5035 | D:5      | Reached XP level 7. HP: 46/46 MP: 10/10
  5079 | D:5      | You fall into a shaft and drop 2 floors!
  5082 | D:7      | Found a staircase to the Ecumenical Temple.
  5091 | Temple   | Entered the Ecumenical Temple
  5141 | Temple   | Became a worshipper of Ru the Awakened
  5316 | D:7      | Slain by a sky beast

Illustrated notes

Levels and vault maps discovered:
D:1:      onia_arrival_pentagram, layout_basic
D:2:      layout_basic, basic_altar, shapermc_ecumenical_altar_totnotflames
D:3:      layout_loops_cross, lemuel_doored_altar,
          nicolae_dithmenos_the_darkroom, mainiacjoe_overflow_alcove_1,
          uniq_crazy_yiuf_cottage
D:4:      layout_layer_cave, mainiacjoe_overflow_brackets, lemuel_crystal_altar,
          reono_crystal_passage, uniq_edmund, uniq_duvessa
D:5:      layout_gridville, serial_park_tiny_pond, uniq_blork_the_orc
D:7:      layout_basic, mainiacjoe_overflow_alcove_4, temple_pool_b,
          minmay_misc_feat_tiny, uniq_menkaure
Temple:   nicolae_temple_cloud_nine

Skill      XL: |  1  2  3  4  5  6 |
---------------+-------------------+-----
Stealth        | 3 |  3.0
Summonings     | 5 6 7 |  7.8
Air Magic      | 2 |  2.7
Dodging        | |  2.6
Spellcasting   | |  2.0

Action                     |  1- 3 |  4- 6 |  7- 9 || total
---------------------------+-------+-------+-------++-------
  Melee: Dagger            |    13 |    46 |    19 ||    78
         Tailslap          |       |       |     1 ||     1
   Cast: Summon Small Mamm |    39 |     5 |       ||    44
         Call Imp          |    15 |    14 |     5 ||    34
         Call Canine Famil |     6 |    24 |     2 ||    32
    Use: Scroll            |       |     4 |     1 ||     5
         Potion            |       |       |     2 ||     2
   Stab: Distracted        |       |     1 |     1 ||     2
 Armour: Robe              |     7 |     3 |     9 ||    19
  Dodge: Dodged            |    16 |    75 |    17 ||   108

Table legend: (Time is in decaauts)
 A = Elapsed time spent in this place.
 B = Non-inter-level travel time spent in this place.
 C = Inter-level travel time spent in this place.
 D = Time resting spent in this place.
 E = Time spent auto-exploring this place.
 F = Levels seen in this place.
 G = Mean time per level.
                   A        B        C        D        E       F      G
               +--------+--------+--------+--------+--------+-----+--------+
         Total |   5288 |   5186 |    102 |    404 |   3610 |   7 |  755.4 |
       Dungeon |   5161 |   5059 |    102 |    336 |   3583 |   6 |  860.2 |
        Temple |    127 |    127 |      0 |     68 |     27 |   1 |  127.0 |
               +--------+--------+--------+--------+--------+-----+--------+

Top non-repeatable levels by time:
     D:1: 1409 daAuts
     D:4: 1314 daAuts
     D:2: 1187 daAuts
     D:3: 1039 daAuts
  Temple: 127 daAuts
     D:5: 107 daAuts
     D:7: 102 daAuts
